 Dungeon Crawl Stone Soup version 0.29-a0-1033-gb6c65ffae6 (webtiles) character file.

Game seed: 1096805370026411352

27244 tatocazan the Fighter (level 13, -2/108 HPs)
             Began as a Demonspawn Fighter on Aug 15, 2022.
             Was a Believer of Makhleb.
             Slain by an enormous slime creature (46 damage)
             ... on level 12 of the Dungeon.
             The game lasted 00:19:44 (15716 turns).

tatocazan the Fighter (Demonspawn Fighter)         Turns: 15716, Time: 00:19:44

Health: -2/108     AC: 23    Str: 22    XL:     13   Next: 3%
Magic:  0/20       EV: 10    Int: 12    God:    Makhleb [**....]
Gold:   182        SH: 11    Dex: 12    Spells: 12/12 levels left

rFire   . . .      SeeInvis .   j - +4 hammer of Num Pau {vamp, rPois Str+2}
rCold   . . .      Faith    .   c - +0 buckler
rNeg    . . .      Spirit   +   L - +2 chain mail {rPois}
rPois   +          Reflect  .   b - +2 helmet
rElec   .          Harm     .   C - scarf {repulsion}
rCorr   .          Rampage  .   u - +0 pair of gloves
Will    +....                   F - +0 pair of boots
Stlth   ..........              p - amulet of guardian spirit
HPRegen 0.28/turn               m - ring of willpower
MPRegen 0.17/turn               h - +4 ring of protection

@: repel missiles
A: large bone plates 2, demonic guardian 3, spiny 1, weakness stinger 1
a: Renounce Religion, Minor Destruction


You were on level 12 of the Dungeon.
You worshipped Makhleb.
Makhleb was pleased with you.
You visited 2 branches of the dungeon, and saw 13 of its levels.

You collected 1538 gold pieces.
You spent 1356 gold pieces at shops.

Inventory:

Hand Weapons
 a - a +0 war axe
 j - the +4 hammer of Num Pau (weapon) {vamp, rPois Str+2}
   (You found it on level 5 of the Dungeon)

   It occasionally heals its wielder for a portion of the damage dealt when it
   wounds a living foe.
   Str:       It affects your strength (+2).
   rPois:     It protects you from poison.
 q - a +4 vorpal spear
Missiles
 z - 11 javelins
 D - 4 boomerangs of dispersal (quivered)
 E - a throwing net
 H - 8 curare-tipped darts
Armour
 b - a +2 helmet (worn)
 c - a +0 buckler (worn)
 u - a +0 pair of gloves (worn)
 C - a scarf of repulsion (worn)
 F - a +0 pair of boots (worn)
 L - a +2 chain mail of poison resistance (worn)
Jewellery
 h - a +4 ring of protection (right hand)
 m - a ring of willpower (left hand)
 n - a +4 ring of protection
 p - an amulet of guardian spirit (around neck)
 t - a +6 ring of intelligence
 K - a ring of protection from fire
 N - a ring of protection from fire
Wands
 g - a wand of mindburst (12)
 y - a wand of flame (57)
 O - a wand of roots (4)
Scrolls
 d - a scroll of magic mapping
 e - 3 scrolls of silence
 f - a scroll of enchant weapon
 i - 5 scrolls of immolation
 v - 3 scrolls of fear
 w - a scroll of noise
 x - 7 scrolls of identify
 G - 3 scrolls of teleportation
 M - a scroll of fog
Potions
 k - 3 potions of degeneration
 l - 3 potions of attraction
 o - 10 potions of curing
 r - 2 potions of magic
 s - a potion of resistance
 A - 2 potions of lignification
 B - 2 potions of flight
 I - 4 potions of brilliance
 J - a potion of haste
 P - 3 potions of heal wounds


   Skills:
 + Level 12.0 Fighting
 - Level 6.0(8.2) Axes
 * Level 8.8(9.6) Maces & Flails
 + Level 8.1 Armour
 + Level 6.1 Dodging
 - Level 5.0 Shields
 * Level 9.9 Invocations


You had 12 spell levels left.
You didn't know any spells.
Your spell library contained the following spells:

 Spells                   Type           Power      Damage    Failure   Level
 Freeze                   Ice            0%         1d3       96%         1
 Magic Dart               Conj           0%         1d3       96%         1
 Call Imp                 Summ           0%         N/A       99%         2
 Searing Ray              Conj           0%         2d4       99%         2
 Frozen Ramparts          Ice            0%         1d1       100%        3
 Inner Flame              Hex/Fire       0%         N/A       100%        3
 Mephitic Cloud           Conj/Pois/Air  0%         N/A       100%        3
 Cause Fear               Hex            0%         N/A       100%        4
 Fulminant Prism          Conj/Hex       0%         3d6       100%        4
 Hailstorm                Conj/Ice       0%         3d3       100%        4
 Discord                  Hex            0%         N/A       100%        8


Dungeon Overview and Level Annotations

Branches:
Dungeon (12/15)            Temple (1/1) D:7            Lair (0/5) D:9
    Orc (0/2) D:12

Altars:
Ashenzari
Cheibriados
Dithmenos
Fedhas
Gozag
Hepliaklqana
Kikubaaqudgha
Makhleb
Nemelex Xobeh
Okawaru
Qazlal
Ru
Sif Muna
Trog
Uskayaw
Vehumet
Wu Jian
Xom
Yredelemnul

Shops:
D:7 [   D:12 !(![?

Annotations:
D:4 3 runed translucent doors, spaghetti's ghost, novice OgNe
D:8 1 runed translucent door, Valamore's ghost, novice FoFi
D:11 3 runed translucent doors, Netz's ghost, journeyman DsFi


Innate Abilities, Weirdness & Mutations

You are mostly covered in large bone plates. (SH +6)
A powerful demonic guardian rushes to your aid.
You are partially covered in sharp spines.
You have a small tail.


Message History

You are too injured to fight recklessly!
You are too injured to fight recklessly!
You are too injured to fight recklessly!
You are too injured to fight recklessly!
You are too injured to fight recklessly!
You are too injured to fight recklessly!
You are too injured to fight recklessly!
You are too injured to fight recklessly!
You take 52 damage, and have 56/108 hp.
MASSIVE DAMAGE!!
You now have 11/20 mp.
You are too injured to fight recklessly!
You are too injured to fight recklessly!
You are too injured to fight recklessly!
You are too injured to fight recklessly!
You are too injured to fight recklessly!
You are too injured to fight recklessly!
You are too injured to fight recklessly!
You are too injured to fight recklessly!
You are too injured to fight recklessly!
You are too injured to fight recklessly!
You are too injured to fight recklessly!
You are too injured to fight recklessly!
You are too injured to fight recklessly!
You are too injured to fight recklessly!
You are too injured to fight recklessly!
The slime creature closely misses you.
A large slime creature splits.
The large slime creature attacks as you move away!
The large slime creature hits you!
You see here 19 gold pieces.
You take 6 damage, and have 50/108 hp.
You now have 10/20 mp.
The slime creature attacks as you move away!
The slime creature is struck by your spines.
The slime creature hits you!
The slime creature attacks as you move away!
The slime creature barely misses you.
Two slime creatures merge to form a very large slime creature.
Two slime creatures merge to form an enormous slime creature.
The enormous slime creature attacks as you move away!
The enormous slime creature is struck by your spines.
The enormous slime creature hits you!!!
You die...

##...#..##..###*#.....#.
#....#......#####.....#.
*#........∩...##.#.......
*.......................#
*##.................#.##.
###.#...............###
##..,##.............####
#..**##............##.#.
##..*#.@................
#..##J##..............>
*#?...JJ......##...)...)
#..##.?............))..)
#,,,#..##8'8#####8[8##..
*,,,...#......8......#..
***,.$..#.............#.#
*,,.....#,,,⌠.._..⌠...###
*,......#,,,..........#*,


You could see an enormous slime creature and a slime creature.

Vanquished Creatures
  A hydra (D:11)
  3 two-headed ogres
  A manticore (D:11)
  2 unseen horrors
  2 trolls
  Grinder (D:5)
  3 wraiths
  Sigmund (D:5)
  A spriggan (D:7)
  14 yaks
  3 wyverns
  A basilisk (D:11)
  2 steam dragons
  Menkaure (D:6)
  3 wargs
  3 orc warriors
  An ice beast (D:6)
  3 black bears
  3 ogres
  2 centaurs
  3 phantoms
  3 kobold brigands
  3 bullfrogs
  2 scorpions
  4 necrophages
  6 wights
  5 killer bees (D:8)
  7 howler monkeys
  2 hounds (D:4)
  A jelly (D:8)
  8 orc priests
  Crazy Yiuf (D:5)
  2 iguanas
  Terence (D:3)
  6 orc wizards
  Robin (D:2)
  8 adders
  A gnoll (D:6)
  4 shadow imps
  2 ufetubi
  A worm (D:2)
  2 dart slugs
  37 orcs
  3 ball pythons
  3 endoplasms (D:2)
  15 goblins
  11 hobgoblins
  5 jackals
  4 quokkas
  A bat (D:3)
  A frilled lizard (D:1)
  22 kobolds
  2 rats (D:3)
228 creatures vanquished.

Vanquished Creatures (collateral kills)
  2 two-headed ogres (D:11)
  Urug (D:10)
  A cyclops (D:11)
  A guardian serpent (shapeshifter) (D:11)
  An unseen horror (D:12)
  A gargoyle (D:11)
  A troll (D:11)
  A yak (D:9)
  A wraith (D:12)
  A vampire (D:11)
  Edmund (D:5)
  A steam dragon (D:8)
  3 wights
  Ijyb (D:3)
  4 orcs
  A giant cockroach (D:3)
  A goblin (D:1)
  A hobgoblin (D:2)
  2 kobolds (D:11)
  2 bushes (D:6)
28 creatures vanquished.

Vanquished Creatures (others)
  3 fungi (D:1)
  A plant (D:1)
4 creatures vanquished.

Grand Total: 260 creatures vanquished

Notes
Turn   | Place    | Note
-------+----------+-------------------------------------------
     0 | D:1      | tatocazan the Demonspawn Fighter began the quest for the
                  | Orb.
     0 | D:1      | Reached XP level 1. HP: 18/18 MP: 1/1
    47 | D:1      | You fall into a shaft and drop 1 floor!
   352 | D:2      | Gained mutation: A weak demonic guardian rushes to your
                  | aid. [demonic ancestry]
   352 | D:2      | Reached XP level 2. HP: 14/24 MP: 2/2
   833 | D:1      | Reached XP level 3. HP: 29/29 MP: 3/3
  1138 | D:1      | Found a faded altar of an unknown god.
  1268 | D:2      | Noticed Robin
  1866 | D:2      | Killed Robin
  2299 | D:3      | Noticed Ijyb
  2311 | D:3      | Killed Ijyb
  2312 | D:3      | Gained mutation: You are partially covered in sharp spines.
                  | [demonic ancestry]
  2312 | D:3      | Reached XP level 4. HP: 13/35 MP: 2/4
  2834 | D:3      | Identified a scroll of acquirement
  2834 | D:3      | Acquired 819 gold pieces
  3059 | D:3      | Noticed Terence
  3076 | D:3      | Killed Terence
  3077 | D:3      | Reached XP level 5. HP: 12/42 MP: 3/5
  3595 | D:3      | Identified the +7 rapier "Gizuih" {holy, rElec Int+3 Dex-2}
  3806 | D:4      | Noticed a black bear
  3810 | D:4      | Killed a black bear
  3811 | D:4      | Reached skill level 4 in Fighting
  3858 | D:4      | Reached XP level 6. HP: 48/48 MP: 6/6
  3918 | D:4      | Found an ornate altar of the Wu Jian Council.
  3983 | D:4      | Found a runed translucent gate.
  3984 | D:4      | Found a runed translucent gate.
  3984 | D:4      | Found a runed translucent gate.
  3986 | D:4      | Found an opulent altar of Gozag.
  3986 | D:4      | Noticed an orc warrior
  3987 | D:4      | Noticed a water moccasin
  3987 | D:4      | Noticed spaghetti's ghost (novice OgNe)
  4429 | D:4      | Gained mutation: You are partially covered in large bone
                  | plates. (SH +4) [demonic ancestry]
  4429 | D:4      | Reached XP level 7. HP: 51/55 MP: 7/7
  4955 | D:5      | Entered Level 5 of the Dungeon
  4955 | D:5      | Noticed Grinder
  5074 | D:5      | Noticed a yak
  5074 | D:5      | Noticed a yak
  5074 | D:5      | Noticed a yak
  5086 | D:5      | Killed a yak
  5094 | D:5      | Killed a yak
  5095 | D:5      | Reached skill level 5 in Fighting
  5095 | D:5      | Reached skill level 5 in Axes
  5101 | D:5      | Killed a yak
  5102 | D:5      | Gained mutation: A demonic guardian rushes to your aid.
                  | [demonic ancestry]
  5102 | D:5      | Reached XP level 8. HP: 30/62 MP: 6/8
  5194 | D:5      | Killed Grinder
  5315 | D:5      | Noticed Edmund
  5335 | D:5      | Reached skill level 5 in Shields
  5708 | D:5      | Identified the +4 hammer of Num Pau {vamp, rPois Str+2}
  5714 | D:5      | Found a runed translucent door.
  5715 | D:5      | Noticed Crazy Yiuf
  5757 | D:5      | Noticed Sigmund
  5767 | D:5      | Killed Sigmund
  5768 | D:5      | Reached skill level 1 in Maces & Flails
  5768 | D:5      | Reached skill level 5 in Armour
  5812 | D:5      | Found a stormy altar of Qazlal.
  5833 | D:5      | Reached skill level 1 in Dodging
  6149 | D:5      | Killed Edmund
  6411 | D:5      | Killed Crazy Yiuf
  6524 | D:6      | Reached skill level 6 in Fighting
  6538 | D:6      | Gained mutation: You have a small tail. [demonic ancestry]
  6538 | D:6      | Reached XP level 9. HP: 23/69 MP: 1/9
  7493 | D:6      | Noticed Menkaure
  7500 | D:6      | Killed Menkaure
  8028 | D:6      | Found a blossoming altar of Fedhas.
  8653 | D:7      | Found a hazy altar of Hepliaklqana.
  8759 | D:7      | Reached skill level 5 in Maces & Flails
  8849 | D:7      | Found Behuacix's Armour Shoppe.
  8858 | D:7      | Bought a +2 chain mail of poison resistance for 259 gold
                  | pieces
  8890 | D:7      | Found a sacrificial altar of Ru.
  8959 | D:7      | Found a staircase to the Ecumenical Temple.
  9034 | Temple   | Entered the Ecumenical Temple
  9034 | Temple   | Found a transporter.
  9034 | Temple   | Found a transporter.
  9036 | Temple   | Found a transporter.
  9036 | Temple   | Found a transporter.
  9051 | Temple   | Became a worshipper of Makhleb the Destroyer
  9220 | D:7      | Reached skill level 1 in Invocations
  9606 | D:8      | Reached skill level 7 in Fighting
  9626 | D:8      | Reached XP level 10. HP: 79/79 MP: 9/12
  9917 | D:8      | Identified the +7 short sword of the Mauling Tiger
                  | {antimagic, Dex+2}
 10193 | D:8      | Found a runed translucent door.
 10415 | D:8      | Noticed Valamore's ghost (novice FoFi)
 10769 | D:9      | Found a staircase to the Lair.
 10778 | D:9      | Reached * piety under Makhleb
 11126 | D:8      | Reached skill level 5 in Invocations
 11851 | D:10     | Entered Level 10 of the Dungeon
 11882 | D:10     | Noticed a two-headed ogre
 11891 | D:10     | Killed a two-headed ogre
 11892 | D:10     | Reached skill level 5 in Dodging
 11892 | D:10     | Gained mutation: A powerful demonic guardian rushes to your
                  | aid. [demonic ancestry]
 11892 | D:10     | Reached XP level 11. HP: 71/86 MP: 10/16
 12097 | D:10     | Reached ** piety under Makhleb
 12387 | D:10     | Noticed Urug
 12400 | D:10     | Killed Urug
 12401 | D:10     | Reached skill level 8 in Fighting
 13058 | D:10     | Identified the +6 whip "Rumaf" {freeze, rElec rF++ Will+
                  | Str-5}
 13271 | D:11     | Noticed a two-headed ogre
 13274 | D:11     | Noticed a two-headed ogre
 13277 | D:11     | Killed a two-headed ogre
 13283 | D:11     | Killed a two-headed ogre
 13823 | D:11     | Noticed a five-headed hydra
 13832 | D:11     | Killed a five-headed hydra
 14049 | D:11     | Noticed a two-headed ogre
 14062 | D:11     | Killed a two-headed ogre
 14578 | D:11     | Found a runed translucent gate.
 14578 | D:11     | Found a runed translucent gate.
 14578 | D:11     | Found a runed translucent gate.
 14579 | D:11     | Noticed Netz's ghost (journeyman DsFi)
 14641 | D:12     | Found Jemun's Antique Armour Shop.
 14641 | D:12     | Found Onuliw's Antique Weapon Shoppe.
 14644 | D:12     | Found a staircase to the Orcish Mines.
 15182 | D:12     | Found Geps's Distillery.
 15190 | D:12     | Found Egemizxa's Distillery.
 15512 | D:12     | Found Adenurir's Magic Scroll Shoppe.
 15525 | D:12     | Bought a scroll of identify for 24 gold pieces
 15525 | D:12     | Bought a scroll of identify for 24 gold pieces
 15525 | D:12     | Bought a scroll of identify for 24 gold pieces
 15525 | D:12     | Bought a scroll of magic mapping for 90 gold pieces
 15525 | D:12     | Bought a scroll of enchant weapon for 90 gold pieces
 15529 | D:12     | Noticed a two-headed ogre
 15538 | D:12     | Killed a two-headed ogre
 15539 | D:12     | Reached XP level 12. HP: 94/94 MP: 17/19
 15580 | D:12     | Bought a potion of experience for 650 gold pieces
 15580 | D:12     | Bought a potion of heal wounds for 65 gold pieces
 15580 | D:12     | Bought a potion of heal wounds for 65 gold pieces
 15580 | D:12     | Bought a potion of heal wounds for 65 gold pieces
 15580 | D:12     | Reached skill level 12 in Fighting
 15580 | D:12     | Gained mutation: You are mostly covered in large bone
                  | plates. (SH +6) [demonic ancestry]
 15580 | D:12     | Reached XP level 13. HP: 108/108 MP: 20/20
 15716 | D:12     | Slain by an enormous slime creature

Illustrated notes

Levels and vault maps discovered:
D:1:      evilmike_arrival_plus, layout_basic, shapermc_ecumenical_altar_petra
D:2:      layout_loops_ring, roderic_serpentine_path, uniq_robin
D:3:      layout_loops_ring, uniq_terence, uniq_ijyb
D:4:      layout_basic, mainiacjoe_overflow_catwalk, ebering_ghost_gozag,
          st_stairs_13
D:5:      layout_cave_pods, mainiacjoe_overflow_brackets, enter_ossuary_1,
          uniq_edmund, uniq_crazy_yiuf_cottage, uniq_grinder, uniq_sigmund
D:6:      layout_gridville, fedhas_bush_and_centaur_altar, st_stairs_13,
          uniq_menkaure
D:7:      layout_loops_ring, worldfamousw_hep_ancestral_shrine,
          nicolae_ru_the_path_less_chosen, temple_doors_e, serial_shops,
          nicolae_square_shop, grunt_ogre_cave, the_hattery
D:8:      layout_basic, ebering_ghost_inner_flame, sigmund_army
D:9:      layout_roguey, erik_lair_orcish_takeover
D:10:     layout_irregular_city, uniq_urug
D:11:     layout_cave_pools, ebering_ghost_rock_garden
D:12:     layout_cave_pools, david_orc_5, gauntlet_entry_generic, serial_shops,
          nicolae_shop_advertising_works [nicolae_subvault_shop_adworks], shop,
          shop, nicolae_shop_waterfront, shop
Temple:   hellmonk_temple_divided_pantheon

Skill      XL: |  1  2  3  4  5  6  7  8  9 10 11 12 |
---------------+-------------------------------------+-----
Axes           | 2 3 4 5 6 |  6.0
Armour         | 3 4 5 6 7 8 |  8.1
Shields        | 3 4 5 |  5.0
Fighting       | 4 5 6 7 8 12 | 12.0
Maces & Flails | 3 5 7 8 |  8.8
Dodging        | 2 3 5 6 |  6.1
Invocations    | 2 6 9 |  9.9

Action                   |  1- 3 |  4- 6 |  7- 9 | 10-12 | 13-15 || total
-------------------------+-------+-------+-------+-------+-------++-------
Melee: War axe           |    68 |       |       |       |       ||    68
       Spear             |    14 |   115 |    60 |       |       ||   189
       Mace              |       |       |   212 |   307 |     8 ||   527
       Tailslap          |       |       |    24 |    56 |     2 ||    82
Evoke: Wand              |       |     3 |     8 |     1 |       ||    12
  Use: Scroll            |       |     3 |     4 |    16 |       ||    23
       Potion            |       |       |       |     4 |       ||     4
Armor: Scale mail        |     5 |       |       |       |       ||     5
       Chain mail        |    42 |    40 |   100 |   220 |     3 ||   405
Dodge: Dodged            |    25 |    14 |    80 |   159 |     3 ||   281
       Repelled          |       |       |       |     5 |       ||     5
Block: Buckler           |    17 |    17 |   121 |   193 |     2 ||   350

Table legend: (Time is in decaauts)
 A = Elapsed time spent in this place.
 B = Non-inter-level travel time spent in this place.
 C = Inter-level travel time spent in this place.
 D = Time resting spent in this place.
 E = Time spent auto-exploring this place.
 F = Levels seen in this place.
 G = Mean time per level.
                   A        B        C        D        E       F      G
               +--------+--------+--------+--------+--------+-----+--------+
         Total |  15782 |  15379 |    403 |   5363 |   8029 |  13 | 1214.0 |
       Dungeon |  15715 |  15312 |    403 |   5363 |   8024 |  12 | 1309.6 |
        Temple |     66 |     66 |      0 |      0 |      5 |   1 |   66.0 |
               +--------+--------+--------+--------+--------+-----+--------+

Top non-repeatable levels by time:
     D:6: 1959 daAuts
    D:11: 1855 daAuts
     D:5: 1498 daAuts
     D:3: 1489 daAuts
    D:10: 1411 daAuts
     D:8: 1379 daAuts
     D:7: 1334 daAuts
     D:2: 1276 daAuts
     D:4: 1212 daAuts
     D:1: 1045 daAuts
     D:9: 675 daAuts
    D:12: 579 daAuts
  Temple: 66 daAuts
